 Dungeon Crawl Stone Soup version 0.17-a0-1945-gfe993df (webtiles) character file.

76 achirane the Grave Robber (level 4, 0/21 HPs)
             Began as a Vine Stalker Necromancer on Sept 30, 2015.
             Slain by Grinder (9 damage)
             ... while paralysed by Grinder
             ... on level 3 of the Dungeon.
             The game lasted 00:10:09 (943 turns).

achirane the Grave Robber (Vine Stalker Necromancer) Turns: 943, Time: 00:10:09

Health: 0/21       AC:  4    Str: 10    XL:     4   Next: 32%
Magic:  0/8        EV:  2    Int: 15    God:
Gold:   49         SH:  0    Dex: 16    Spells: 2 memorised, 3 levels left

rFire  . . .     SeeInvis .       - Unarmed
rCold  . . .     Clarity  .     a - +0 robe
rNeg   + . .     SustAt   .     (no shield)
rPois  .         Gourm    .     f - +0 helmet
rElec  .         Spirit   +     (no cloak)
rCorr  .         Warding  +     u - +0 pair of gloves
rMut   .         Stasis   .     (no boots)
MR     .....                    q - amulet of warding {Ward, rN+, !d}
Stlth  ++........               (no ring)
                                (no ring)

@: paralysed, regenerating (expiring), not resistant to hostile enchantments,
unstealthy
A: fangs 2, regeneration 1, magic shield, antimagic bite, no device heal 3, rot
immunity
a: no special abilities


You were on level 3 of the Dungeon.
You were hungry.

You visited 1 branch of the dungeon, and saw 4 of its levels.

You collected 49 gold pieces.

Inventory:

Hand weapons
 d - a +0 dagger
   (You took it off a goblin on level 1 of the Dungeon)
 h - a +3 whip
   (You found it on level 1 of the Dungeon)
Missiles
 j - 74 stones (quivered)
 n - 17 poisoned needles
Armour
 a - a +0 robe (worn)
 f - a +0 helmet (worn)
   (You found it on level 1 of the Dungeon)
 u - a +0 pair of gloves (worn)
   (You found it on level 3 of the Dungeon)
Jewellery
 q - an amulet of warding (around neck) {Ward, rN+, !d}
   (You found it on level 1 of the Dungeon)
Scrolls
 e - 4 scrolls of recharging {unknown}
 g - 2 scrolls of remove curse {unknown}
 m - 2 scrolls of identify {unknown}
 p - 2 scrolls of random uselessness {unknown}
 t - a scroll of teleportation {unknown}
 v - a scroll of amnesia {unknown}
Potions
 i - a potion of brilliance {unknown}
 k - a potion of heal wounds {unknown}
 l - 2 potions of curing {unknown}
 o - a potion of might {unknown}
 r - 2 potions of lignification {unknown}
 s - a potion of haste {unknown}
Books
 b - a book of Necromancy
Comestibles
 c - a bread ration {@e1}


   Skills:
 - Level 1.5 Dodging
 - Level 2.4 Stealth
 + Level 3.2 Unarmed Combat
 - Level 2.1 Spellcasting
 + Level 1.7 Charms
 - Level 4.0 Necromancy


You had 3 spell levels left.
You knew the following spells:

 Your Spells              Type           Power        Failure   Level  Hunger
a - Pain                  Necr           ##..         4%          1    #......
r - Regeneration          Chrm/Necr      ##........   24%         3    ###....


Dungeon Overview and Level Annotations

Branches:
Dungeon (4/15)
 Temple: D:4-7

Altars:

Annotations:
D:3 exclusion: downstairs, Grinder
D:4 Loris's ghost, average DECj


Innate Abilities, Weirdness & Mutations

You have extremely sharp teeth.
Your natural rate of healing is unusually fast.
When hurt, damage is shared between your health and your magic reserves.
Your bite disrupts and absorbs the magic of your enemies.
Potions and wands cannot restore your health.
You are immune to rotting.


Message History

You drain its power.
The hobgoblin is moderately wounded.
The hobgoblin hits you.
You take 3 damage, and have 13/16 hp.
You now have 5/7 mp.
You hit the hobgoblin.
The hobgoblin is heavily wounded.
The hobgoblin hits you but does no damage.
You hit the hobgoblin. Your punch misses the hobgoblin.
You bite the hobgoblin, but do no damage.
The hobgoblin is almost dead.
The hobgoblin hits you but does no damage.
You hit the hobgoblin.
You kill the hobgoblin!
Unknown command.
Unknown command.
You now have 34 gold pieces (gained 4).
Health restored: 16 You see here a scroll labeled PIUBLI BORA.
MP restored: 7
r - 2 lumpy orange potions (gained 1)
You see here a scroll labeled PIUBLI BORA.
v - a scroll labeled PIUBLI BORA The jelly quivers.
You see here a ring mail.
You hit the jelly.
Your hands burn!
You bite the jelly. You drain its power.
You feel invigorated.
The jelly is lightly wounded.
The jelly hits you but does no damage.
You take 3 damage, and have 13/16 hp.
Casting: Pain
Confirm with . or Enter, or press ? or * to list all spells.
Your skin crawls.
The jelly hits you but does no damage.
You now have 4/7 mp.
You hit the jelly.
Your hands burn!
Your bite misses the jelly.
The jelly is moderately wounded.
The jelly hits you but does no damage.
You take 2 damage, and have 12/16 hp.
You now have 3/7 mp.
You hit the jelly.
Your hands burn!
The jelly is heavily wounded.
The jelly hits you but does no damage.
You take 1 damage, and have 11/16 hp.
You now have 2/7 mp.
You hit the jelly.
Your hands burn!
You bite the jelly. You drain its power.
You feel invigorated.
The jelly is severely wounded.
The jelly hits you but does no damage.
You take 1 damage, and have 10/16 hp.
You regained 2 mp, and now have 4/7 mp.
You completely miss the jelly.
The jelly is severely wounded.
The jelly misses you.
You hit the jelly.
You kill the jelly!
Your Unarmed Combat skill increases to level 3!
You have reached level 4!
You feel agile.
You regained 4 hp, and now have 15/21 hp.
Your skin is crawling a little less now.
You now have 49 gold pieces (gained 15).
You regained 3 hp, and now have 18/21 hp.
Health restored: 21 Your skin stops crawling.
You see here a ring mail.
Grinder shouts!
A kobold comes into view. It is wielding a dagger.
MP restored: 8 Grinder gestures at you.
You suddenly lose the ability to move!
Grinder hits you but does no damage. Grinder hits you.
You can move again.
You take 1 damage, and have 20/21 hp.
You barely miss Grinder. You bite Grinder.
Grinder's magic leaks into the air.
You drain his magic.
Grinder is lightly wounded.
Grinder completely misses you.
Health restored: 21 You hit Grinder.
You bite Grinder.
Grinder's magic leaks into the air.
You drain his magic.
Grinder is lightly wounded.
Grinder completely misses you.
You hit Grinder. You bite Grinder, but do no damage.
Grinder is moderately wounded.
Grinder hits you.
You take 3 damage, and have 18/21 hp.
You now have 7/8 mp.
You closely miss Grinder. Your bite misses Grinder.
Grinder is moderately wounded.
Grinder hits you!
You take 7 damage, and have 11/21 hp.
MASSIVE DAMAGE!!
You now have 4/8 mp.
Casting: Regeneration
Confirm with . or Enter, or press ? or * to list all spells.
Your skin crawls.
You are feeling hungry.
Grinder gestures at you.
You suddenly lose the ability to move!
Grinder gestures.
Grinder blinks!
Your skin is crawling a little less now.
Grinder gestures at you. You resist with significant effort.
Grinder hits you! x2
You die...

)..............).......>#######
###############.........#
............######.#
##########......##.# ##########
#...##....# .........#
#.#.#####.# .........# #.#..#
#.# .........######.#5.####.#
................@.....#.#
.................##.#.#.#
########.........##.#.#.#
#.........##.#.#.#
#.........##.#.#.#
#...[.....##5#.#.#
#..............#.#
#..........##.##)#
#..........#.....#


You could see Grinder.

Vanquished Creatures
  A jelly (D:3)
  A giant gecko (D:1)
  2 giant cockroaches (D:1)
  11 goblins
  7 hobgoblins
  2 jackals (D:3)
  3 kobolds (D:1)
  5 bats
  2 giant newts
  A quokka (D:2)
  6 rats
41 creatures vanquished.

Notes
Turn   | Place    | Note
--------------------------------------------------------------
     0 | D:1      | achirane the Vine Stalker Necromancer began the quest for the Orb.
     0 | D:1      | Reached XP level 1. HP: 9/9 MP: 4/4
    14 | D:1      | Reached skill level 1 in Unarmed Combat
    64 | D:1      | Reached XP level 2. HP: 13/13 MP: 6/6
   202 | D:1      | Reached skill level 2 in Unarmed Combat
   377 | D:1      | Reached XP level 3. HP: 14/16 MP: 5/7
   543 | D:2      | Learned a level 3 spell: Regeneration
   732 | D:4      | Noticed Loris's ghost (average DECj)
   761 | D:3      | Noticed Grinder
   839 | D:3      | Reached skill level 1 in Charms
   893 | D:3      | Reached skill level 3 in Unarmed Combat
   893 | D:3      | Reached XP level 4. HP: 14/21 MP: 4/8
   931 | D:3      | Paralysed by Grinder for 3 turns
   938 | D:3      | Paralysed by Grinder for 6 turns
   943 | D:3      | Slain by Grinder

Vault maps used:
D:1:      dpeg_arrival_court
D:2:      lemuel_blue_sif_altar, nicolae_overflow_crystal_walls
D:3:      st_stairs_4, uniq_jessica, uniq_grinder
D:4:      serial_glass, glass_columns_c, glass_columns_a, serial_shops, shop,
          minmay_fire_ice_demons

Action                   |  1- 3 |  4- 6 || total
-------------------------+-------+-------++-------
Melee: Unarmed           |   127 |     4 ||   131
       Dagger            |     3 |       ||     3
 Cast: Pain              |     1 |       ||     1
       Regeneration      |     1 |     1 ||     2
 Stab: Sleeping          |     7 |       ||     7
       Distracted        |     2 |       ||     2

Vault maps used:
D:1:      dpeg_arrival_court
D:2:      lemuel_blue_sif_altar, nicolae_overflow_crystal_walls
D:3:      st_stairs_4, uniq_jessica, uniq_grinder
D:4:      serial_glass, glass_columns_c, glass_columns_a, serial_shops, shop,
          minmay_fire_ice_demons

Table legend:
 A = Turns spent in this place as a percentage of turns spent in the entire game.
 B = Non-inter-level travel turns spent in this place as a percentage of non-inter-level travel turns spent in the entire game.
 C = Inter-level travel turns spent in this place as a percentage of turns spent in this place.
 D = Turns resting spent in this place as a percentage of non-inter-level travel turns spent in this place.
 E = Turns spent auto-exploring this place as a percentage of non-inter-level travel turns spent in this place.
 F = Non-inter-level travel turns spent in this place divided by the number of levels of this place that you've seen.
                   A       B       C       D       E      F
               +-------+-------+-------+-------+-------+----------------------
         Total | 100.0 | 100.0 |   0.0 |   0.0 |   1.4 | 194.2
       Dungeon | 100.0 | 100.0 |   0.0 |   0.0 |   1.4 | 194.2
               +-------+-------+-------+-------+-------+----------------------

Table legend:
 A = Kills in this place as a percentage of kills in entire the game.
 B = Kills by you in this place as a percentage of kills by you in the entire game.
 C = Kills by friends in this place as a percentage of kills by friends in the entire game.
 D = Other kills in this place as a percentage of other kills in the entire game.
 E = Experience gained in this place as a percentage of experience gained in the entire game.
 F = Experience gained in this place divided by the number of levels of this place that you have seen.
                   A       B       C       D       E      F
               +-------+-------+-------+-------+-------+----------------------
         Total | 100.0 | 100.0 |  -nan |  -nan | 100.0 |  27.2
       Dungeon | 100.0 | 100.0 |  -nan |  -nan | 100.0 |  27.2
               +-------+-------+-------+-------+-------+----------------------
